 Dungeon Crawl Stone Soup version 0.30-a0-424-g7412bad402 (webtiles) character file.

Game seed: 10202615244575280906

74 AigisTheKnight the Conjurer (level 4, -2/25 HPs)
             Began as a Tengu Conjurer on Dec 10, 2022.
             Slain by a gnoll
             ... wielding a +0 whip
              (7 damage)
             ... on level 2 of the Dungeon.
             The game lasted 00:01:53 (1310 turns).

AigisTheKnight the Conjurer (Tengu Conjurer)        Turns: 1310, Time: 00:01:54

Health: -2/25      AC:  2    Str:  7    XL:     4   Next: 30%
Magic:  3/9        EV: 12    Int: 21    God:
Gold:   80         SH:  0    Dex: 12    Spells: 7/8 levels left

rFire   . . .      SeeInvis .    (no weapon)
rCold   . . .      Faith    .    (no shield)
rNeg    . . .      Spirit   .    a - +0 robe
rPois   .          Reflect  .    (helmet restricted)
rElec   .          Harm     .    (no cloak)
rCorr   .          Rampage  .    (no gloves)
Will    .....                    (boots unavailable)
Stlth   ++........               (no amulet)
HPRegen 0.24/turn                (no ring)
MPRegen 0.11/turn                (no ring)

@: no status effects
A: beak, talons 3
a: no special abilities


You were on level 2 of the Dungeon.
You visited 1 branch of the dungeon, and saw 2 of its levels.

You collected 80 gold pieces.

Inventory:

Armour
 a - a +0 robe (worn)
Scrolls
 c - a scroll of vulnerability {unknown}
 d - a scroll of immolation {unknown}
 e - a scroll of teleportation {unknown}
Potions
 b - a potion of magic
 f - a potion of ambrosia {unknown}


   Skills:
 + Level 1.3 Fighting
 + Level 3.0 Dodging
 - Level 2.2 Stealth
 + Level 2.7 Spellcasting
 + Level 5.9 Conjurations


You had 7 spell levels left.
You knew the following spells:

 Your Spells              Type           Power      Damage    Failure   Level
a - Magic Dart            Conj           100%       1d8       1%          1

Your spell library contained the following spells:

 Spells                   Type           Power      Damage    Failure   Level
 Searing Ray              Conj           54%        2d6       1%          2
 Static Discharge         Conj/Air       30%        2-4/arc   6%          2
 Dazzling Flash           Conj/Hex       30%        N/A       12%         3
 Vhi's Electric Charge    Tloc/Air       4%         N/A       38%         3
 Fulminant Prism          Conj/Hex       7%         3d7       38%         4
 Iskenderun's Mystic Bla  Conj/Tloc      15%        2d5       38%         4
 Arcjolt                  Conj/Air       7%         1d17      75%         5
 Lightning Bolt           Conj/Air       7%         1d20      75%         5


Dungeon Overview and Level Annotations

Branches:
Dungeon (2/15)

Altars:

Shops:
D:1 :


Innate Abilities, Weirdness & Mutations

You have a beak for a mouth.
You have claws for feet.


Message History

Unknown command.
The gnoll attacks as you move away! The gnoll hits you with a +0 whip.
Casting: Magic Dart (safe; 1% risk of failure)
Confirm with . or Enter, or press ? or * to list all spells.
Aiming: Magic Dart (safe; 1% risk of failure)
Press: ? - help, Shift-Dir - straight line, f - gnoll
Aim: a gnoll, wielding a +0 whip (100% to hit)
The magic dart hits the gnoll but does no damage.
The gnoll barely misses you.
Unknown command.
Casting: Magic Dart (safe; 1% risk of failure)
Confirm with . or Enter, or press ? or * to list all spells.
Aiming: Magic Dart (safe; 1% risk of failure)
Press: ? - help, Shift-Dir - straight line, f/p - gnoll
Aim: a gnoll, wielding a +0 whip (100% to hit)
The magic dart hits the gnoll.
The gnoll is moderately wounded.
A jackal comes into view.
The gnoll hits you from afar with a +0 halberd!
Ouch! That really hurt!
* * * LOW HITPOINT WARNING * * *
The gnoll closely misses you.
Casting: Magic Dart (safe; 1% risk of failure)
Confirm with . or Enter, or press ? or * to list all spells.
Aiming: Magic Dart (safe; 1% risk of failure)
Press: ? - help, Shift-Dir - straight line, f/p - gnoll
Aim: a gnoll, wielding a +0 whip (moderately wounded, 100% to hit)
The magic dart hits the gnoll but does no damage.
The gnoll is moderately wounded.
The gnoll hits you from afar with a +0 halberd.
* * * LOW HITPOINT WARNING * * *
The gnoll barely misses you. The gnoll attacks as you move away!
The gnoll barely misses you. The gnoll attacks as you move away!
The gnoll completely misses you. The gnoll attacks as you move away!
The gnoll hits you with a +0 whip.
* * * LOW HITPOINT WARNING * * *
The gnoll attacks as you move away! The gnoll completely misses you.
The gnoll attacks as you move away! The gnoll completely misses you.
The gnoll attacks as you move away! The gnoll hits you with a +0 whip!
You die...

#########.###.### ##########
#...gh.h....[....## .........#
#h#######.###.#...## ########.#
#h# #.......!(.# ...<.###†## #.#
#####h.....) #.......†.# #g# ...
)...... #.....#...# #.# ####.#
)...... #......#..####.####....#
#..h...
..#######......g@...<..#####...#.
.. #...............)..† ..## ..
#...#.#...######.#### ..# ..
......#)##†## # ##...##.##.# #.†.
..##.# ##.# .....# #. #.##### #.


You could see a gnoll.

Vanquished Creatures
  3 gnolls
  3 dart slugs (D:1)
  An endoplasm (D:1)
  4 giant cockroaches
  5 hobgoblins (D:1)
  4 jackals (D:1)
  3 kobolds
  3 ball pythons
  A bat (D:1)
  4 frilled lizards
  9 rats
40 creatures vanquished.

Notes
Turn   | Place    | Note
-------+----------+-------------------------------------------
     0 | D:1      | AigisTheKnight the Tengu Conjurer began the quest for the
                  | Orb.
     0 | D:1      | Reached XP level 1. HP: 10/10 MP: 4/4
    83 | D:1      | Reached XP level 2. HP: 8/15 MP: 1/6
   390 | D:1      | Reached XP level 3. HP: 13/20 MP: 1/7
   395 | D:1      | Found Zojung's Vocational Training.
   837 | D:1      | Reached skill level 1 in Fighting
  1208 | D:2      | Reached XP level 4. HP: 25/25 MP: 2/8
  1310 | D:2      | Slain by a gnoll

Illustrated notes

Levels and vault maps discovered:
D:1:      erik_arrival_triangle_small, layout_loops_cross,
          nicolae_shop_vocational
D:2:      layout_loops_ring, basic_altar, serial_shops,
          nicolae_shop_advertising_works [nicolae_subvault_shop_adworks]

Skill      XL: |  1  2  3 |
---------------+----------+-----
Fighting       | 1 |  1.3
Dodging        | 3 |  3.0
Stealth        | |  2.2
Spellcasting   | |  2.7
Conjurations   | |  5.9

Action                   |  1- 3 |  4- 6 || total
-------------------------+-------+-------++-------
Melee: Unarmed           |    19 |       ||    19
       Kick              |     3 |       ||     3
       Peck              |     1 |       ||     1
 Cast: Magic Dart        |    65 |     7 ||    72
Armor: Robe              |     9 |       ||     9
Dodge: Dodged            |    21 |     8 ||    29

Table legend: (Time is in decaauts)
 A = Elapsed time spent in this place.
 B = Non-inter-level travel time spent in this place.
 C = Inter-level travel time spent in this place.
 D = Time resting spent in this place.
 E = Time spent auto-exploring this place.
 F = Levels seen in this place.
 G = Mean time per level.
                   A        B        C        D        E       F      G
               +--------+--------+--------+--------+--------+-----+--------+
         Total |   1309 |   1293 |     16 |     58 |   1068 |   2 |  654.5 |
       Dungeon |   1309 |   1293 |     16 |     58 |   1068 |   2 |  654.5 |
               +--------+--------+--------+--------+--------+-----+--------+

Top non-repeatable levels by time:
     D:1: 1077 daAuts
     D:2: 232 daAuts
